 Dungeon Crawl Stone Soup version 0.21-a0-49-g7bf2ba4 (webtiles) character file.

769 Jivvin the Cudgeler (level 7, -1/114 HPs)
             Began as an Ogre Berserker on June 9, 2017.
             Was a Priest of Trog.
             Slain by Pikel
             ... wielding a +1 whip of flaming
              (7 damage)
             ... on level 5 of the Dungeon.
             The game lasted 00:03:52 (5037 turns).

Jivvin the Cudgeler (Ogre Berserker)                Turns: 5037, Time: 00:03:53

Health: -1/114     AC:  3    Str: 29      XL:     7   Next: 82%
Magic:  7/7        EV: 14    Int:  7 (8)  God:    Trog [***...]
Gold:   157        SH:  0    Dex:  6 (8)  Spells: 6/6 levels left

rFire    . . .     SeeInvis .   a - +0 giant spiked club
rCold    . . .     Gourm    .   (shield currently unavailable)
rNeg     . . .     Faith    .   b - +0 animal skin
rPois    .         Spirit   .   (helmet restricted)
rElec    .         Reflect  .   (no cloak)
rCorr    .         Harm     .   (gloves unavailable)
MR       .....                  (boots unavailable)
Stlth    ..........             (no amulet)
Regen    0.3/turn               k - +4 ring of evasion
MPRegen  0.1/turn               (no ring)

@: berserking (expiring), lethally poisoned (-1 -> -1), very quick
A: unfitting armour, tough skin 1
a: Berserk, Trog's Hand, Burn Spellbooks, Renounce Religion


You were on level 5 of the Dungeon.
You worshipped Trog.
Trog was most pleased with you.
You were not hungry.

You visited 1 branch of the dungeon, and saw 5 of its levels.

You collected 157 gold pieces.

Inventory:

Hand Weapons
 a - a +0 giant spiked club (weapon)
Armour
 b - a +0 animal skin (worn)
Jewellery
 k - a +4 ring of evasion (left hand)
Scrolls
 e - a scroll of magic mapping {unknown}
 g - 2 scrolls of remove curse
 i - a scroll of identify
 j - a scroll of recharging {unknown}
 o - a scroll of noise {unknown}
 p - a scroll of fear {unknown}
Potions
 l - a potion of might
 q - 2 potions of cancellation
Comestibles
 c - a bread ration
 d - a royal jelly
 f - 6 meat rations
 h - 3 chunks of flesh
 m - 3 fruits


   Skills:
 - Level 6.8 Fighting
 + Level 7.2 Maces & Flails
 - Level 2.6 Dodging


You had 6 spell levels left.
You didn't know any spells.

Dungeon Overview and Level Annotations

Branches:
Dungeon (5/15)
 Temple: D:4-7

Altars:
Elyvilon
Gozag
Nemelex Xobeh
Yredelemnul

Annotations:
D:4 Jivvin's ghost, novice OgBe
D:5 Pikel


Innate Abilities, Weirdness & Mutations

You are too large for most types of armour.
You have tough skin. (AC +1)


Message History

Unknown command.
You closely miss Pikel.
Pikel is severely wounded.
You feel sick. The slave hits you.
Pikel says, "I'm sure the Orcish Mines are around here somewhere..."
Pikel zaps a wand.
You are blasted!
It is a wand of disintegration (?/24).
You hit Pikel.
Pikel is almost dead.
Pikel zaps a wand.
You are blasted!
* * * LOW HITPOINT WARNING * * *
The slave barely misses you.
Unknown command.
You closely miss Pikel.
Pikel is almost dead.
The slave hits you.
* * * LOW HITPOINT WARNING * * *
Pikel hits you with a whip of flaming!
* * * LOW HITPOINT WARNING * * *
Pikel burns you!
You die...

####.#..####..###....#....
............((............
.........(................
....###...###.##..........
....###...# #.##..........
..# #.....###.#...........
.. ###.pp....#...........
#.#K#...#..)........
#.#@#.#†#...........
#.#p#.#.#...........
###.#...#.#...........
#...#...#.#...........
#.#.#.......†.........
#.......#.##..........
#.....................
#.........##.......... ..
#.#........#....######


You could see Pikel and 3 slaves.

Vanquished Creatures
  2 ogres (D:5)
  A bullfrog zombie (D:5)
  A crimson imp (D:5)
  A hound (D:3)
  A jelly (D:5)
  2 orc priests
  2 orc wizards
  2 iguanas
  4 worker ants
  A hound skeleton (D:5)
  12 adders
  An ooze (D:3)
  2 worms (D:3)
  2 dart slugs (D:2)
  A leopard gecko (D:2)
  16 orcs
  5 bats
  4 giant cockroaches
  9 goblins
  5 hobgoblins
  A quokka (D:2)
  3 ball pythons
  4 frilled lizards
  7 kobolds
  3 rats
92 creatures vanquished.

Notes
Turn   | Place    | Note
-------+----------+-------------------------------------------
     0 | D:1      | Jivvin the Ogre Berserker began the quest for the Orb.
     0 | D:1      | Reached XP level 1. HP: 24/24 MP: 1/1
   115 | D:2      | Reached skill level 3 in Maces & Flails
   115 | D:2      | Reached XP level 2. HP: 31/32 MP: 2/2
   122 | D:2      | Reached XP level 3. HP: 22/39 MP: 3/3
   599 | D:2      | Found a faded altar of an unknown god.
   625 | D:2      | Reached skill level 4 in Maces & Flails
   647 | D:2      | Found a basalt altar of Yredelemnul.
   719 | D:2      | Reached XP level 4. HP: 23/48 MP: 4/4
  1022 | D:2      | Reached ** piety under Trog
  1480 | D:2      | Found an opulent altar of Gozag.
  2230 | D:3      | Reached skill level 5 in Maces & Flails
  2230 | D:3      | Reached XP level 5. HP: 29/54 MP: 5/5
  2948 | D:3      | Reached XP level 6. HP: 28/63 MP: 6/6
  3394 | D:3      | Reached skill level 6 in Maces & Flails
  3881 | D:4      | Found a white marble altar of Elyvilon.
  3920 | D:4      | Noticed a phantom
  3939 | D:4      | Noticed Jivvin's ghost (novice OgBe)
  3943 | D:4      | Reached skill level 5 in Fighting
  3955 | D:5      | Entered Level 5 of the Dungeon
  4580 | D:5      | Found a sparkling altar of Nemelex Xobeh.
  4725 | D:5      | Reached XP level 7. HP: 70/74 MP: 7/7
  4730 | D:5      | Reached *** piety under Trog
  4914 | D:5      | Reached skill level 7 in Maces & Flails
  5007 | D:5      | Noticed Pikel
  5037 | D:5      | Slain by Pikel

Vault maps used:
D:1:      dpeg_arrival_connections
D:2:      lemuel_doored_altar, old_standard_altar,
          chequers_ecumenical_altar_twisty, kennysheep_nub,
          minmay_misc_feat_nine_boxes, minmay_randomly_rotated_circles
D:3:      first_bread
D:4:      kennysheep_mini, lemuel_round_altar, enter_ossuary_3,
          kennysheep_nondescript, uniq_blork_the_orc
D:5:      nemelex_xobeh_ov_fountains_minmay, temple_hall,
          fedhas_bush_and_centaur_altar, uniq_pikel

Skill      XL: |  1  2  3  4  5  6  7 |
---------------+----------------------+-----
Maces & Flails | 3 4 5 6 7 |  7.2
Fighting       | 5 6 |  6.8
Dodging        | |  2.6

Action                   |  1- 3 |  4- 6 |  7- 9 || total
-------------------------+-------+-------+-------++-------
Melee: Mace              |    54 |   128 |       ||   182
       Flail             |       |   134 |    12 ||   146
       Giant spiked club |       |       |    49 ||    49
Invok: Berserk           |     3 |     7 |     4 ||    14
  Use: Potion            |       |     4 |       ||     4
       Scroll            |       |     6 |       ||     6
  Eat: Chunk             |     1 |     7 |     1 ||     9
       Bread ration      |       |     3 |     1 ||     4
Armor: Animal skin       |    18 |    53 |     8 ||    79
Dodge: Dodged            |    41 |   183 |    56 ||   280
